 Dungeon Crawl Stone Soup version 0.29.1-2-gbd0b4ee654 (webtiles) character file.

Game seed: 3812277173106100902

145 tevo3000 the Sneak (level 5, -1/24 HPs)
             Began as a Spriggan Enchanter on Nov 28, 2022.
             Slain by a worm (10 damage)
             ... on level 2 of the Dungeon.
             The game lasted 00:07:13 (3171 turns).

tevo3000 the Sneak (Spriggan Enchanter)             Turns: 3171, Time: 00:07:14

Health: -1/24      AC:  2    Str:  4    XL:     5   Next: 6%
Magic:  10/10      EV: 18    Int: 17    God:
Gold:   69         SH:  0    Dex: 17    Spells: 9/9 levels left

rFire   . . .      SeeInvis +   a - +1 dagger
rCold   . . .      Faith    .   (no shield)
rNeg    . . .      Spirit   .   b - +0 robe
rPois   .          Reflect  .   (helmet restricted)
rElec   .          Harm     .   (no cloak)
rCorr   .          Rampage  .   (gloves unavailable)
Will    .....                   (boots unavailable)
Stlth   +++.......              (no amulet)
HPRegen 0.08/turn               (no ring)
MPRegen 0.12/turn               (no ring)

@: very quick
A: very small, no large weapons, unfitting armour, see invisible, speed 3
a: no special abilities


You were on level 2 of the Dungeon.
You visited 1 branch of the dungeon, and saw 2 of its levels.

You collected 69 gold pieces.

Inventory:

Hand Weapons
 a - a +1 dagger (weapon)
Armour
 b - a +0 robe (worn)
Wands
 d - a wand of roots (9)
Scrolls
 c - a scroll of magic mapping {unknown}
 e - 2 scrolls of noise {unknown}
 f - a scroll of fog {unknown}
 h - 2 scrolls of enchant armour {unknown}
 k - a scroll of identify {unknown}
Potions
 i - a potion of lignification


   Skills:
 * Level 3.4 Short Blades
 + Level 3.9 Dodging
 * Level 6.6 Stealth
 - Level 2.6 Spellcasting
 - Level 3.6 Hexes


You had 9 spell levels left.
You didn't know any spells.
Your spell library contained the following spells:

 Spells                   Type           Power      Damage    Failure   Level
 Confusing Touch          Hex            14%        N/A       12%         3
 Tukima's Dance           Hex            14%        N/A       12%         3
 Ensorcelled Hibernation  Hex/Ice        16%        N/A       13%         2
 Dazzling Flash           Conj/Hex       16%        N/A       26%         3
 Yara's Violent Unravell  Hex/Tmut       4%         3d4       94%         5
 Enfeeble                 Hex            7%         N/A       100%        7


Dungeon Overview and Level Annotations

Branches:
Dungeon (2/15)

Altars:


Innate Abilities, Weirdness & Mutations

You are very small and have problems with some larger weapons.
You are too small for most types of armour.
You have supernaturally acute eyesight. (SInv)
You cover ground extremely quickly. (Speed+++)


Message History

The gnoll is severely wounded.
The gnoll hits you but does no damage.
The gnoll hits you from afar with a +4 halberd.
* * * LOW HITPOINT WARNING * * *
You hit the gnoll.
You kill the gnoll!
The gnoll hits you but does no damage.
You have reached level 5!
You feel clever.
It was a potion of cancellation.
Your magical effects are unravelling.
You feel magically purged.
You feel less wooden.
Your +0 robe unmelds from your body.
Your resistance to elements expires.
The gnoll barely misses you.
Found a leather armour and 10 gold pieces.
You see here a +0 leather armour.
You now have 69 gold pieces (gained 10).
Found a copper wand.
d - a wand of roots (9)
You hit the hobgoblin.
You kill the hobgoblin!
Found a potion of curing.
Found a stone staircase leading up.
g - a potion of curing A bat comes into view.
Found an embroidered robe.
There is a stone staircase leading up here.
A worm comes into view.
A bat comes into view.
The helpless bat fails to defend itself.
You impale the bat!!
You kill the bat!
You hit the worm but do no damage. The worm bites you!
* * * LOW HITPOINT WARNING * * *
You hit the worm.
The worm is moderately wounded.
You feel better. The worm bites you!
You die...

##.#.# #.#
##.^..# #.#
#.....# #.
#....##
#.#.######.#
#.#..<.....#
#.#..#######
#######.#..#
......w@...#
...b..[.####
#########


You could see a worm and a bat (asleep).

Vanquished Creatures
  Natasha (D:2)
  Robin (D:2)
  An adder (D:2)
  3 gnolls (D:2)
  4 bats
  7 endoplasms
  16 goblins
  10 hobgoblins
  7 jackals (D:2)
  6 kobolds
  4 ball pythons
  2 frilled lizards (D:2)
  2 rats
64 creatures vanquished.

Notes
Turn   | Place    | Note
-------+----------+-------------------------------------------
     0 | D:1      | tevo3000 the Spriggan Enchanter began the quest for the
                  | Orb.
     0 | D:1      | Reached XP level 1. HP: 9/9 MP: 5/5
   669 | D:1      | Reached XP level 2. HP: 10/13 MP: 6/6
   891 | D:1      | Found a faded altar of an unknown god.
   913 | D:1      | Reached skill level 5 in Stealth
  2024 | D:2      | Reached XP level 3. HP: 7/16 MP: 8/8
  2369 | D:2      | Noticed Natasha
  2371 | D:2      | Killed Natasha
  2399 | D:2      | Noticed Robin
  2440 | D:2      | Reached XP level 4. HP: 12/21 MP: 9/9
  2446 | D:2      | Reached skill level 6 in Stealth
  2452 | D:2      | Killed Robin
  3091 | D:2      | Reached XP level 5. HP: 11/24 MP: 10/10
  3171 | D:2      | Slain by a worm

Illustrated notes

Levels and vault maps discovered:
D:1:      nagdon_arrival_double_spiral, layout_basic,
          dreamdust_ecumenical_altar_angels_and_demons, amethyst_killhole
D:2:      layout_loops_ring, uniq_robin, uniq_natasha

Skill      XL: |  1  2  3  4 |
---------------+-------------+-----
Dodging        | 3 |  3.9
Stealth        | 5 6 |  6.6
Short Blades   | 2 3 |  3.4
Spellcasting   | |  2.6
Hexes          | |  3.6

Action                   |  1- 3 |  4- 6 || total
-------------------------+-------+-------++-------
Melee: Dagger            |   102 |   123 ||   225
       Punch             |     1 |     1 ||     2
  Use: Potion            |     2 |     6 ||     8
 Stab: Sleeping          |     8 |     4 ||    12
       Invisible         |     6 |     5 ||    11
Armor: Robe              |     8 |     3 ||    11
       Skin              |       |    22 ||    22
Dodge: Dodged            |    47 |    72 ||   119
